 Dungeon Crawl Stone Soup version 0.29.1-2-gbd0b4ee654 (webtiles) character file.

Game seed: 6005816220039812204

17 GorkyZ the Chopper (level 2, -1/18 HPs)
             Began as a Gargoyle Gladiator on Nov 23, 2022.
             Slain by a kobold
             ... wielding a +0 dagger
              (3 damage)
             ... on level 1 of the Dungeon.
             The game lasted 00:01:02 (353 turns).

GorkyZ the Chopper (Gargoyle Gladiator)              Turns: 353, Time: 00:01:03

Health: -1/18      AC:  6    Str: 17    XL:     2   Next: 62%
Magic:  2/2        EV: 12    Int:  8    God:
Gold:   34         SH:  0    Dex: 11    Spells: 1/1 levels left

rFire   . . .      SeeInvis .   a - +0 war axe
rCold   . . .      Faith    .   (no shield)
rNeg    + . .      Spirit   .   b - +0 leather armour
rPois   ∞          Reflect  .   c - +0 helmet
rElec   +          Harm     .   (no cloak)
rCorr   .          Rampage  .   (no gloves)
Will    .....                   (no boots)
Stlth   +.........              (no amulet)
HPRegen 0.06/turn               (no ring)
MPRegen 0.08/turn               (no ring)

@: no status effects
A: sickness immunity, AC +2, negative energy resistance 1, electricity
resistance, torment resistance 1, petrification resistance
a: no special abilities


You were on level 1 of the Dungeon.
You visited 1 branch of the dungeon, and saw 1 of its levels.

You collected 34 gold pieces.

Inventory:

Hand Weapons
 a - a +0 war axe (weapon)
Missiles
 d - 3 throwing nets (quivered)
 e - a javelin
Armour
 b - a +0 leather armour (worn)
 c - a +0 helmet (worn)
Jewellery
 g - a ring of willpower
Scrolls
 f - a scroll of immolation {unknown}
 i - a scroll of magic mapping {unknown}
Potions
 h - a potion of ambrosia {unknown}


   Skills:
 + Level 2.4 Fighting
 + Level 2.7 Axes
 + Level 1.9 Throwing
 + Level 0.4 Armour
 + Level 2.5 Dodging
 + Level 0.5 Shields
 + Level 0.5 Evocations


You had one spell level left.
You didn't know any spells.
Your spell library contained the following spells:

 Spells                   Type           Power      Damage    Failure   Level
 Magic Dart               Conj           0%         1d3       45%         1
 Call Imp                 Summ           0%         N/A       61%         2
 Mephitic Cloud           Conj/Pois/Air  0%         N/A       83%         3
 Dispersal                Tloc           0%         N/A       100%        6
 Disjunction              Tloc           0%         N/A       100%        8


Dungeon Overview and Level Annotations

Branches:
Dungeon (1/15)

Altars:


Innate Abilities, Weirdness & Mutations

You are immune to sickness and miasma.
Your stone body is resilient. (AC +2)
You are immune to poison.
You resist negative energy. (rN+)
You are resistant to electric shocks. (rElec)
You are resistant to unholy torment.
You are immune to petrification.


Message History

The goblin closely misses you.
You hit the goblin.
The goblin is severely wounded.
You closely miss the kobold. The goblin barely misses you.
The kobold closely misses you.
You barely miss the goblin.
The goblin is severely wounded.
You hit the dart slug. You barely miss the kobold.
The goblin hits you with a +0 club. The kobold hits you with a +0 dagger.
The dart slug launches a dart at you. The slug dart misses you.
The goblin hits you but does no damage. The endoplasm freezes you.
You are frozen.
The kobold barely misses you.
You slash the dart slug!
You kill the dart slug!
You hit the goblin.
You kill the goblin!
You hit the endoplasm. You hit the kobold. The kobold barely misses you.
The endoplasm freezes you.
You are frozen.
* * * LOW HITPOINT WARNING * * *
You barely miss the kobold.
The kobold is severely wounded.
You hit the endoplasm.
You kill the endoplasm!
The kobold hits you but does no damage.
You hit the kobold but do no damage.
The kobold is severely wounded.
The kobold closely misses you. The kobold misses you.
You barely miss the kobold.
The kobold is severely wounded.
You barely miss the giant cockroach. The giant cockroach closely misses you.
The kobold hits you with a +0 dagger.
* * * LOW HITPOINT WARNING * * *
You closely miss the kobold.
The kobold is severely wounded.
You hit the giant cockroach.
You kill the giant cockroach!
The kobold hits you with a +0 dagger.
You die...

.....................
.............#######.
.............#......
.............#......
....................
....#....#.....[...[
....#....#..........
...........###.....
.......@K.# .....
#.....)...# .J.
#.........# ..
#.........# #
#.........#
#.........#
#.........#
#.........#


You could see a kobold.

Vanquished Creatures
  2 dart slugs (D:1)
  A bat (D:1)
  An endoplasm (D:1)
  A giant cockroach (D:1)
  3 goblins (D:1)
  A hobgoblin (D:1)
  A quokka (D:1)
  A ball python (D:1)
  A frilled lizard (D:1)
  A rat (D:1)
13 creatures vanquished.

Notes
Turn   | Place    | Note
-------+----------+-------------------------------------------
     0 | D:1      | GorkyZ the Gargoyle Gladiator began the quest for the Orb.
     0 | D:1      | Reached XP level 1. HP: 12/12 MP: 1/1
   210 | D:1      | Reached XP level 2. HP: 17/17 MP: 2/2
   305 | D:1      | Found a faded altar of an unknown god.
   353 | D:1      | Slain by a kobold

Illustrated notes

Levels and vault maps discovered:
D:1:      nzn_arrival_settlement, layout_basic,
          shapermc_ecumenical_altar_acropolis

Action                   || total
-------------------------++-------
Melee: War axe           ||    27
Armor: Leather armour    ||    12
Dodge: Dodged            ||    25
